[Event "Titled Tuesday Blitz February 28 Late 2023"]
[White "Fiorito, Joaquin"]
[Black "Bilan, Danila"]
[WhiteFideId "180173"]
[BlackFideId "24161918"]
[WhiteElo "2157"]
[BlackElo "2182"]
[Result "0-1"]
[Round "11"]
[TimeControl "180+2"]
[Date "2023.02.28"]
[WhiteClock "0:00:15"]
[BlackClock "0:00:11"]

1. d4 d5 2. Nc3 Nf6 3. Bf4 a6 4. e3 c5 5. dxc5 Nc6 6. a3 e5 7. Bg5 d4 8. exd4 exd4 9. Qe2+ Be6 10. Ne4 Be7 11. Bxf6 gxf6 12. O-O-O f5 13. Ng3 Bxc5 14. Nf3 Qf6 15. Qd2 O-O-O 16. Nh5 Qe7 17. Nf4 Bxa3 18. Nxe6 fxe6 19. bxa3 Qxa3+ 20. Kb1 Nb4 21. Bc4 b5 22. Bxe6+ Kb7 23. Bb3 d3 24. c3 Qxb3+ 25. Qb2 Qc2+ 26. Ka1 Qa4+ 27. Kb1 Nc2 28. Ne5 Na3+ 29. Kc1 Nc4 30. Nxc4 Qxc4 31. Rhe1 Rhe8 32. Rxe8 Rxe8 33. Qa3 Re2 34. Rd2 Re1+ 35. Kb2 a5 36. Qd6 b4 37. Qd7+ Kb6 38. Qd6+ Ka7 39. Qd7+ Kb6 40. Qd6+ Kb7 41. Qd7+ Qc7 42. Qd5+ Qc6 43. Qxd3 bxc3+ 44. Qxc3 Rb1+ 45. Kc2 Rc1+ 46. Kxc1 Qxc3+ 47. Rc2 Qe1+ 48. Kb2 f4 49. f3 Qb4+ 50. Kc1 Qd4 51. Rd2 Qg1+ 52. Kc2 Qxh2 53. Kd3 Qg3 54. Ke4 Kb6 55. Re2 Qg5 56. Rb2+ Kc5 57. Ra2 Kb4 58. Rb2+ Kc3 59. Ra2 Kb3 60. Rd2 Qg6+ 61. Kxf4 Qh6+ 0-1


[Site "https://www.chess.com"]

[Event "Titled Tuesday Blitz February 28 Late 2023"]
[White "Yang, Qindong"]
[Black "Toncheva, Nadya"]
[WhiteFideId "8603758"]
[BlackFideId "2924056"]
[WhiteElo "2090"]
[BlackElo "2101"]
[Result "1-0"]
[Round "11"]
[TimeControl "180+2"]
[Date "2023.02.28"]
[WhiteClock "0:00:06"]
[BlackClock "0:00:02"]

1. d4 d5 2. c4 dxc4 3. e4 e5 4. Nf3 Bb4+ 5. Nc3 exd4 6. Qxd4 Qxd4 7. Nxd4 Nf6 8. f3 O-O 9. Bxc4 a6 10. a3 Bc5 11. Nb3 Ba7 12. a4 Nc6 13. Bf4 Nb4 14. O-O-O Be6 15. Bxe6 fxe6 16. Bxc7 Rfc8 17. Be5 b5 18. axb5 axb5 19. Kb1 Be3 20. Rhe1 Bf2 21. Re2 Bb6 22. Red2 Kf7 23. Nxb5 Kg6 24. g4 Be3 25. Re2 Bb6 26. h4 h5 27. g5 Ne8 28. f4 Nc7 29. f5+ exf5 30. exf5+ Kh7 31. Nc3 Nca6 32. Rd7 Ra7 33. Rxa7 Bxa7 34. g6+ Kg8 35. Nb5 Bb6 36. Nd6 Rd8 37. Bf4 Nc5 38. Re7 Nxb3 39. f6 Nd3 40. Rxg7+ Kf8 41. Rf7+ Kg8 42. Rg7+ Kf8 43. Bh6 Rxd6 44. Rd7+ Ke8 45. Rxd6 Bf2 46. f7+ Ke7 47. f8=Q# 1-0


[Site "https://www.chess.com"]

[Event "Titled Tuesday Blitz February 28 Late 2023"]
[White "Vovk, Orest"]
[Black "Gerzhoy, Leonid"]
[WhiteFideId "14113490"]
[BlackFideId "2806126"]
[WhiteElo "2215"]
[BlackElo "2604"]
[Result "0-1"]
[Round "11"]
[TimeControl "180+2"]
[Date "2023.02.28"]
[WhiteClock "0:01:23"]
[BlackClock "0:00:56"]

1. h4 h5 2. Nf3 Nf6 3. Ng5 Ng4 4. e4 f6 5. Nh3 e5 6. d4 exd4 7. Qxd4 Nc6 8. Qa4 d5 9. Nc3 Bb4 10. Bb5 Bd7 11. exd5 Bxc3+ 12. bxc3 Nce5 13. Bxd7+ Qxd7 14. Qxd7+ Kxd7 15. O-O Ng6 16. g3 Rhe8 17. c4 Re2 18. c5 Rxc2 19. c6+ bxc6 20. dxc6+ Kxc6 21. Nf4 Nxf4 22. Bxf4 Re8 23. f3 Ree2 24. Rfc1 Nh2 25. Rxc2+ Rxc2 26. Rf1 Nxf1 0-1


[Site "https://www.chess.com"]

[Event "Titled Tuesday Blitz February 28 Late 2023"]
[White "Mujumdar, Sameer"]
[Black "Liu, Eric"]
[WhiteFideId "2029707"]
[BlackFideId "30960240"]
[WhiteElo "2104"]
[BlackElo "2094"]
[Result "1-0"]
[Round "11"]
[TimeControl "180+2"]
[Date "2023.02.28"]
[WhiteClock "0:00:39"]
[BlackClock "0:01:36"]

1. e4 g6 2. h4 Bg7 3. h5 c6 4. d4 d5 5. h6 Bf8 6. e5 e6 7. Nf3 c5 8. c3 Nc6 9. a3 c4 10. Be3 Na5 11. Nbd2 Bd7 12. a4 Ne7 13. b3 cxb3 14. Nxb3 Nec6 15. Bd3 Rc8 16. Nc5 b6 17. Bg5 Qc7 18. Na6 Qb7 19. Bf6 Rg8 20. Ng5 Nc4 21. Bxc4 dxc4 22. Nxh7 Qxa6 23. Ng5 Bxh6 24. Rxh6 Ne7 25. Bxe7 Kxe7 26. Qf3 Rcf8 27. Qf6+ Ke8 28. Ne4 Bc6 29. Nd6+ Kd7 30. Rh7 Bd5 31. Rxf7+ Kc6 32. Rxf8 Qa5 33. Kd2 Rxf8 34. Qxf8 Bxg2 35. Qc8+ Kd5 36. Qb7# 1-0


[Site "https://www.chess.com"]

[Event "Titled Tuesday Blitz February 28 Late 2023"]
[White "Sztokbant, Bernardo Vainzoff"]
[Black "Przybylski, Wojciech"]
[WhiteFideId "2115956"]
[BlackFideId "1117599"]
[WhiteElo "2222"]
[BlackElo "2222"]
[Result "0-1"]
[Round "11"]
[TimeControl "180+2"]
[Date "2023.02.28"]
[WhiteClock "0:00:54"]
[BlackClock "0:01:23"]

1. d4 d5 2. c4 c6 3. Nf3 Nf6 4. e3 Bf5 5. Nc3 e6 6. Bd3 Bg6 7. O-O Nbd7 8. Re1 Bd6 9. e4 dxe4 10. Nxe4 Nxe4 11. Bxe4 O-O 12. Bg5 Qc7 13. Bxg6 hxg6 14. Qe2 c5 15. Rad1 a6 16. a3 Rfe8 17. dxc5 Bxc5 18. b4 Bf8 19. g3 a5 20. c5 axb4 21. axb4 b6 22. Qb5 Nf6 23. cxb6 Qb7 24. Ne5 Nd5 25. Rxd5 exd5 26. Bf4 Re6 27. Qd3 Rxb6 28. Bd2 Bxb4 29. Be3 Bxe1 30. Bxb6 Qxb6 31. Qxd5 Qxf2+ 0-1


[Site "https://www.chess.com"]

[Event "Titled Tuesday Blitz February 28 Late 2023"]
[White "Ristic, Nebojsa B"]
[Black "Seletsky, Grigory"]
[WhiteFideId "935468"]
[BlackFideId "14112191"]
[WhiteElo "2303"]
[BlackElo "2490"]
[Result "1-0"]
[Round "11"]
[TimeControl "180+2"]
[Date "2023.02.28"]
[WhiteClock "0:00:05"]
[BlackClock "0:00:01"]

1. d4 d6 2. Bf4 c5 3. c3 cxd4 4. cxd4 Nf6 5. Nc3 g6 6. e3 Bg7 7. h3 O-O 8. Nf3 b6 9. Be2 Bb7 10. O-O a6 11. a4 Nc6 12. d5 Nb8 13. e4 Nbd7 14. Rc1 Rc8 15. Re1 Nc5 16. Bf1 Ncd7 17. Nd4 Nb8 18. Be3 Rxc3 19. bxc3 Nxe4 20. c4 Nc5 21. Rb1 a5 22. Nb3 Nxa4 23. Bd4 Nc3 24. Qd3 Nxb1 25. Rxb1 Bxd4 26. Qxd4 Na6 27. Nxa5 bxa5 28. Rxb7 Nc5 29. Ra7 a4 30. Be2 e5 31. dxe6 Nxe6 32. Qb2 Nc5 33. Bf3 Qb8 34. Qxb8 Rxb8 35. Bd5 Rf8 36. h4 Kg7 37. g4 Kf6 38. f4 h5 39. Kg2 hxg4 40. Kg3 Kf5 41. Bxf7 Ne4+ 42. Kg2 Kxf4 43. Bxg6 Nc5 44. h5 Rb8 45. h6 Rb2+ 46. Kg1 Kg3 47. h7 Rh2 48. Re7 a3 49. Re3+ Kf4 50. Rxa3 Rh6 51. Ra8 Ne6 52. h8=Q Rxh8 53. Rxh8 Ng5 54. Be8 Nf3+ 55. Kf1 Ne5 56. Bb5 Kg3 57. Rg8 Nf3 58. Rg6 1-0


[Site "https://www.chess.com"]

[Event "Titled Tuesday Blitz February 28 Late 2023"]
[White "Martic, Ivan"]
[Black "Sreyas Payyappat"]
[WhiteFideId "929301"]
[BlackFideId "46674969"]
[WhiteElo "2360"]
[BlackElo "2083"]
[Result "0-1"]
[Round "11"]
[TimeControl "180+2"]
[Date "2023.02.28"]
[WhiteClock "0:01:19"]
[BlackClock "0:01:11"]

1. d4 Nf6 2. Bg5 c5 3. Bxf6 exf6 4. Nc3 d5 5. e3 Nc6 6. Bb5 Be6 7. Nge2 Be7 8. O-O O-O 9. dxc5 Bxc5 10. Na4 Bd6 11. Nd4 Ne5 12. h3 a6 13. Be2 b5 14. Nc3 b4 15. Na4 Bd7 16. c3 Qa5 17. b3 bxc3 18. Rc1 Bxa4 19. bxa4 Rfc8 20. Nb3 Qxa4 21. Qxd5 Qxa2 22. Rxc3 Rd8 23. Qd2 Qxd2 24. Nxd2 Bb4 25. Rc2 Rxd2 26. Rxd2 Bxd2 27. Rd1 Bb4 28. f4 Ng6 29. g3 h6 0-1


[Site "https://www.chess.com"]

[Event "Titled Tuesday Blitz February 28 Late 2023"]
[White "ArchibaldCerveza29"]
[Black "Kovalevsky, Stanislav"]
[BlackFideId "13508598"]
[WhiteElo "2500"]
[BlackElo "2220"]
[Result "1-0"]
[Round "11"]
[TimeControl "180+2"]
[Date "2023.02.28"]
[WhiteClock "0:00:10"]
[BlackClock "0:00:04"]

1. e4 e6 2. d4 d5 3. Nd2 dxe4 4. Nxe4 Nf6 5. Bd3 Bd7 6. Nf3 Bc6 7. Ng3 Nbd7 8. O-O h5 9. Re1 Be7 10. Bg5 Nd5 11. Bxe7 Qxe7 12. Be4 h4 13. Nf5 Qf6 14. c4 exf5 15. Bxd5+ Kf8 16. Ne5 Nxe5 17. dxe5 Qg6 18. e6 h3 19. g3 Qg4 20. f3 Qg5 21. Bxc6 bxc6 22. Qd7 Qe7 23. Qxc6 Rd8 24. Rad1 Rxd1 25. Rxd1 g6 26. Rd7 Qxe6 27. Qxe6 fxe6 28. Rxc7 f4 29. gxf4 Rh5 30. Rxa7 Rf5 31. Kf2 Rxf4 32. b3 g5 33. Kg3 e5 34. Rh7 Rd4 35. Rxh3 Rd2 36. Rh8+ Kf7 37. Ra8 Kf6 38. Ra6+ Kf5 39. Ra8 Rd3 40. Rf8+ Kg6 41. Kg4 Rd4+ 42. Kg3 Rd2 43. Ra8 Rd3 44. Ra5 e4 45. Kf2 exf3 46. c5 g4 47. c6 Rd2+ 48. Kf1 Rc2 49. Ra6 Kf5 50. b4 Kf4 51. b5 Rc3 52. c7 g3 53. hxg3+ Kxg3 54. Rg6+ Kf4 55. Rc6 Rd3 56. c8=Q Rd1+ 57. Kf2 Rd2+ 58. Ke1 f2+ 59. Kf1 Ke3 60. Qe6+ Kd3 61. Rd6+ Kc3 62. Rxd2 Kxd2 63. Kxf2 Kc3 64. b6 Kb2 65. b7 Ka1 66. Qb6 Kxa2 67. b8=Q Ka1 68. Qa8# 1-0


[Site "https://www.chess.com"]

[Event "Titled Tuesday Blitz February 28 Late 2023"]
[White "Kleiman, Jake"]
[Black "Matsuura, Frederico"]
[WhiteFideId "2020041"]
[BlackFideId "2107848"]
[WhiteElo "2496"]
[BlackElo "2302"]
[Result "1-0"]
[Round "11"]
[TimeControl "180+2"]
[Date "2023.02.28"]
[WhiteClock "0:00:05"]
[BlackClock "0:00:01"]

1. e4 e6 2. d3 d5 3. Qe2 dxe4 4. dxe4 e5 5. Nf3 Nc6 6. c3 a5 7. a4 Bc5 8. Qc2 Nge7 9. Bc4 O-O 10. h3 Ng6 11. Nbd2 Qe7 12. Nf1 Be6 13. Bxe6 Qxe6 14. Ng3 Nf4 15. Kf1 Rad8 16. Be3 Bxe3 17. fxe3 Nd3 18. Kg1 Qc4 19. Kh2 Nc5 20. Rhe1 Nb4 21. Qe2 Nbd3 22. Red1 Nxe4 23. Nxe5 Nxg3 24. Nxc4 Nxe2 25. Rd2 Ndc1 26. Rc2 b6 27. b4 axb4 28. cxb4 Rd1 29. Rxe2 Nxe2 30. Rxd1 Nc3 31. Ra1 Nd5 32. a5 Nxb4 33. a6 Ra8 34. a7 Nc6 35. Rc1 Nxa7 36. Ra1 Kf8 37. Ne5 c5 38. Nd7+ 1-0


[Site "https://www.chess.com"]

[Event "Titled Tuesday Blitz February 28 Late 2023"]
[White "Hajiyev, Kanan"]
[Black "Lewtak, Damian"]
[WhiteFideId "13404148"]
[BlackFideId "1141724"]
[WhiteElo "2103"]
[BlackElo "2302"]
[Result "1/2-1/2"]
[Round "11"]
[TimeControl "180+2"]
[Date "2023.02.28"]
[WhiteClock "0:00:05"]
[BlackClock "0:01:28"]

1. d4 d6 2. Nf3 Nf6 3. g3 g6 4. Bg2 Bg7 5. O-O O-O 6. b3 e5 7. dxe5 Ng4 8. Bb2 Nxe5 9. Nxe5 Bxe5 10. Bxe5 dxe5 11. Qxd8 Rxd8 12. Nc3 c6 13. Rfd1 Bd7 14. Ne4 Kf8 15. Nf6 Ke7 16. Ne4 Na6 17. Nd6 Rab8 18. Rd2 Be6 19. Rad1 Rd7 20. a3 Rbd8 21. Ne4 Rxd2 22. Rxd2 Rxd2 23. Nxd2 f5 24. e4 Kd6 25. Kf1 Nc5 26. Ke2 a5 27. exf5 Bxf5 28. Nc4+ Kc7 29. Kd2 a4 30. b4 Ne6 31. Nxe5 Nd4 32. c3 Nb5 33. Nc4 Be6 34. Nb2 Bb3 35. c4 Nxa3 36. Kc3 b5 37. c5 Nc4 38. Nxc4 Bxc4 39. f4 a3 40. Be4 Be6 41. h4 Kd7 42. h5 gxh5 43. Bxh7 Bd5 44. Bf5+ Ke7 45. Bd3 Kf6 46. Be2 Kg6 47. Bd3+ Kh6 48. Be2 Kg6 49. Bd3+ Kf6 50. Be2 Bf7 51. Bd3 Bd5 1/2-1/2


[Site "https://www.chess.com"]

[Event "Titled Tuesday Blitz February 28 Late 2023"]
[White "Mazurkiewicz, Michal"]
[Black "Rosen, Eric"]
[WhiteFideId "1124943"]
[BlackFideId "2032562"]
[WhiteElo "2054"]
[BlackElo "2359"]
[Result "1-0"]
[Round "11"]
[TimeControl "180+2"]
[Date "2023.02.28"]
[WhiteClock "0:00:09"]
[BlackClock "0:00:03"]

1. e4 e5 2. Nf3 Nf6 3. d3 Bc5 4. Nxe5 Nc6 5. Nf3 d5 6. e5 Ng4 7. d4 Nxd4 8. Nxd4 Nxf2 9. Kxf2 Qh4+ 10. g3 Qe4 11. Be3 Qxh1 12. Bb5+ c6 13. Qxh1 cxb5 14. Nxb5 Bxe3+ 15. Kxe3 O-O 16. N1c3 Bd7 17. Nc7 Bc6 18. N7xd5 Kh8 19. Rd1 Rae8 20. Kf4 b5 21. a3 a5 22. b4 h6 23. h4 Rc8 24. g4 Bb7 25. Rd4 Rxc3 26. g5 h5 27. Qd1 Bxd5 28. Qxh5+ Kg8 29. Rxd5 Rfc8 30. Rc5 R8xc5 31. bxc5 Rxc5 32. Qe2 Rc4+ 33. Kg3 Rc3+ 34. Kg4 Rc4+ 35. Qxc4 bxc4 36. Kf4 Kh7 37. h5 Kg8 38. g6 Kf8 39. Ke4 Ke7 40. Kd5 fxg6 41. hxg6 c3 42. e6 a4 43. Ke5 Ke8 44. Kd4 Ke7 45. Kxc3 Kxe6 46. Kb4 Kf6 47. c4 Kxg6 48. c5 Kf7 49. Kb5 g5 50. c6 Ke7 51. Kb6 g4 52. c7 Kf6 53. c8=Q Kg5 54. Qc5+ Kh4 55. Qd4 Kh3 56. Qxa4 g3 57. Qd7+ Kh2 58. Qg4 Kg2 59. a4 Kh2 60. a5 Kg2 61. a6 Kh2 62. a7 g2 63. a8=Q g1=Q+ 64. Qxg1+ Kh3 65. Qa2 Kh4 66. Qah2# 1-0


[Site "https://www.chess.com"]

[Event "Titled Tuesday Blitz February 28 Late 2023"]
[White "Sielecki, Christof"]
[Black "Papayan, Oleg"]
[WhiteFideId "4620437"]
[BlackFideId "4193911"]
[WhiteElo "2443"]
[BlackElo "2153"]
[Result "1/2-1/2"]
[Round "11"]
[TimeControl "180+2"]
[Date "2023.02.28"]
[WhiteClock "0:00:20"]
[BlackClock "0:00:05"]

1. e4 d5 2. exd5 Qxd5 3. Nc3 Qd8 4. d4 c6 5. Nf3 Bf5 6. Ne5 Nd7 7. Nxf7 Kxf7 8. Qf3 e6 9. g4 Qf6 10. gxf5 Qxf5 11. Qxf5+ exf5 12. Bc4+ Kf6 13. Rg1 h6 14. Be3 Bd6 15. O-O-O Bxh2 16. Rg2 Bd6 17. d5 Ne5 18. Bd4 c5 19. Bxe5+ Bxe5 20. Ne2 Rd8 21. f4 Bd6 22. Rdg1 g5 23. fxg5+ hxg5 24. Rxg5 Ne7 25. Kd1 a6 26. a4 Rh4 27. b3 Rb8 28. a5 Rbh8 29. R5g2 Rh2 30. Rxh2 Rxh2 31. Rf1 Bc7 32. c3 Bxa5 33. d6 Nc6 34. Ng3 f4 35. Rxf4+ Ke5 36. Rf5+ Kxd6 37. Ne4+ Kc7 38. Rf7+ Kb6 39. Nd6 Rh1+ 40. Kd2 Nd8 41. Rd7 Kc6 42. Nxb7 Kxd7 43. Nxa5 Rh2+ 44. Kd3 Rh6 45. Bd5 Kc7 46. Kc4 Rd6 47. Be4 Re6 48. Bd5 Rb6 49. b4 cxb4 50. cxb4 Rd6 51. Nb3 Rh6 52. Nc5 Rh4+ 53. Kb3 Kb6 54. Bc4 Rh3+ 55. Ka4 a5 56. Nd7+ Kc7 57. Nc5 axb4 58. Kxb4 Nc6+ 59. Kb5 Nd4+ 60. Kb4 Nc6+ 61. Kb5 Rh4 62. Ne6+ Kd6 63. Ng7 Na7+ 64. Kb4 Ke5 65. Kc5 Nc8 66. Ne8 Ne7 67. Nc7 Rh6 68. Nb5 Rc6+ 69. Kb4 Nc8 70. Nc3 Nb6 71. Bb3 Kd4 72. Nb5+ Kd3 73. Na7 Rd6 74. Nb5 Rd8 75. Nc7 Rb8 76. Na6 Rb7 77. Nc5+ Kd4 78. Nxb7 Nd5+ 79. Kb5 Nc3+ 80. Kb4 Ne4 81. Ba4 Nc3 82. Bc6 Ne4 83. Na5 Nd6 84. Nb3+ Ke5 85. Kc5 Nf5 86. Na5 Ne3 87. Bb5 Nf5 88. Nc6+ Ke6 89. Bc4+ Kf6 90. Bd3 Ne3 91. Kd4 Nf5+ 92. Kd5 Ne7+ 93. Nxe7 Kxe7 1/2-1/2


[Site "https://www.chess.com"]

[Event "Titled Tuesday Blitz February 28 Late 2023"]
[White "Remolar Gallen, Jose"]
[Black "Kalajzic, Ivan"]
[WhiteFideId "2215187"]
[BlackFideId "14506378"]
[WhiteElo "2223"]
[BlackElo "2203"]
[Result "1-0"]
[Round "11"]
[TimeControl "180+2"]
[Date "2023.02.28"]
[WhiteClock "0:00:07"]
[BlackClock "0:00:03"]

1. e4 c6 2. d4 d5 3. e5 c5 4. dxc5 e6 5. a3 Bxc5 6. b4 Bf8 7. Nf3 g6 8. Bd3 Bg7 9. O-O Ne7 10. Bb2 O-O 11. Nbd2 a6 12. c4 Nbc6 13. Qe2 Bd7 14. Rfd1 Rc8 15. Rac1 Rc7 16. Nb3 b6 17. cxd5 Nxd5 18. Bxa6 Nb8 19. Bc4 Ba4 20. Qe4 Rd7 21. Rd3 Qe7 22. Nbd4 Rfd8 23. h4 Bh6 24. Re1 Nf4 25. Rc3 Nd5 26. Bxd5 Rxd5 27. Bc1 Bg7 28. Bg5 f6 29. exf6 Bxf6 30. Nxe6 Bxg5 31. Nfxg5 Rd1 32. Rc7 Rxe1+ 33. Qxe1 Qxc7 34. Nxc7 Rd1 35. Qxd1 Bxd1 36. Nd5 Nd7 37. f4 Bb3 38. Nc3 h6 39. Nge4 Kf7 40. Kf2 Ke6 41. Kf3 Nb8 42. g4 Nc6 43. Ke3 g5 44. hxg5 hxg5 45. Nxg5+ Kd6 46. Nge4+ Ke6 47. Nb5 Bc4 48. Nd4+ Nxd4 49. Kxd4 Ba2 50. f5+ Kf7 51. Ke5 Bb1 52. g5 Ke7 53. Nd6 Kd7 54. g6 Ba2 55. f6 b5 56. Nxb5 Kc6 57. Nd4+ Kd7 58. Nf5 Ke8 59. a4 Bc4 60. b5 Kf8 61. b6 Ba6 62. a5 Kg8 63. Ne7+ Kh8 64. g7+ Kh7 65. g8=Q+ Kh6 66. Qg6# 1-0


[Site "https://www.chess.com"]

[Event "Titled Tuesday Blitz February 28 Late 2023"]
[White "Pino Perez, Lazaro"]
[Black "Ferreira, Vitor Hugo Vieira"]
[WhiteFideId "3517055"]
[BlackFideId "2119765"]
[WhiteElo "2170"]
[BlackElo "2146"]
[Result "1-0"]
[Round "11"]
[TimeControl "180+2"]
[Date "2023.02.28"]
[WhiteClock "0:00:07"]
[BlackClock "0:01:29"]

1. d4 d5 2. Bf4 Nf6 3. e3 c5 4. Nf3 Nc6 5. Nbd2 e6 6. c3 Nh5 7. Bg5 Be7 8. Bxe7 Qxe7 9. Ne5 g6 10. Qa4 Bd7 11. Nxd7 Kxd7 12. Bb5 Rhc8 13. Nb3 c4 14. Na5 a6 15. Bxc6+ bxc6 16. O-O Rab8 17. b3 cxb3 18. axb3 Rb5 19. b4 Nf6 20. Nb3 Ra8 21. Nc5+ Kc8 22. Qc2 a5 23. Ra4 Nd7 24. Nb3 Nb6 25. Rxa5 Raxa5 26. Nxa5 Qa7 27. Nxc6 Qa3 28. Na5 Nc4 29. Nxc4 dxc4 30. Rb1 Rb7 31. Qb2 Ra7 32. g3 Qxb2 33. Rxb2 Ra1+ 34. Kg2 Rc1 35. Ra2 Rxc3 36. Ra7 Rc1 37. Kf3 c3 38. Ke2 c2 39. Kd2 Rf1 40. Kxc2 Rxf2+ 41. Kd3 Rxh2 42. Rxf7 h5 43. Rg7 Rg2 44. Rxg6 h4 45. Rxe6 hxg3 46. Rg6 Kd7 47. Ke4 Ke7 48. Kf3 Rb2 49. Rxg3 Rxb4 50. Rg5 Kf6 51. Rc5 Rb1 52. Ke4 Rh1 53. Rc6+ Ke7 54. Kd5 Rh5+ 55. Kc4 Rh3 56. e4 Re3 57. e5 Re1 58. Kd5 Ra1 59. Rh6 Ra5+ 60. Ke4 Ra1 61. Rh7+ Kf8 62. Rb7 Re1+ 63. Kd5 Ra1 64. e6 Ra5+ 65. Ke4 Ra6 66. d5 Rb6 67. Rxb6 Ke7 68. Rb7+ Kd6 69. Rd7+ Kc5 70. e7 Kc4 71. e8=Q Kc3 72. Qc8+ Kd2 73. Qc4 Ke1 74. Qa2 1-0


[Site "https://www.chess.com"]

[Event "Titled Tuesday Blitz February 28 Late 2023"]
[White "Erzhanov, Arman"]
[Black "Sarkar, Justin"]
[WhiteFideId "4138821"]
[BlackFideId "2010011"]
[WhiteElo "2138"]
[BlackElo "2189"]
[Result "1-0"]
[Round "11"]
[TimeControl "180+2"]
[Date "2023.02.28"]
[WhiteClock "0:02:33"]
[BlackClock "0:00:01"]

1. e4 c5 2. Nf3 Nc6 3. Bb5 Qb6 4. Nc3 e6 5. O-O Nge7 6. Re1 a6 7. Bf1 g6 8. b3 Bg7 9. Bb2 O-O 10. Na4 Qa7 11. Bxg7 Kxg7 12. c4 e5 13. Nc3 d6 14. Nd5 Nxd5 15. cxd5 Nd4 16. Nxd4 cxd4 17. Rc1 Qb6 18. Qc2 Bg4 19. Qc7 Qxc7 20. Rxc7 Rab8 21. f3 Rfc8 22. Rec1 Rxc7 23. Rxc7 Bc8 24. g3 g5 25. h4 h6 26. Kh2 Kf8 27. Bh3 Bxh3 28. Kxh3 Ke8 29. Kg4 gxh4 30. gxh4 1-0


[Site "https://www.chess.com"]

[Event "Titled Tuesday Blitz February 28 Late 2023"]
[White "Figorito, Nick"]
[Black "Sanchez Alvares, Kelvin Antonio"]
[WhiteFideId "30923689"]
[BlackFideId "3906680"]
[WhiteElo "2373"]
[BlackElo "2217"]
[Result "0-1"]
[Round "11"]
[TimeControl "180+2"]
[Date "2023.02.28"]
[WhiteClock "0:01:21"]
[BlackClock "0:01:52"]

1. Nf3 d5 2. g3 Nf6 3. Bg2 c6 4. O-O Nbd7 5. d4 e6 6. c4 dxc4 7. Qc2 b5 8. a4 Bb7 9. Rd1 a6 10. Ne5 Nd5 11. Nc3 Bb4 12. Bd2 Bxc3 13. bxc3 Nxe5 14. dxe5 Qc7 15. e4 Nb6 16. axb5 cxb5 17. Be3 Nd7 18. f4 O-O 19. Rd6 Nc5 20. Bxc5 Qxc5+ 21. Kh1 a5 22. Rd7 Bc6 23. Rc7 Qb6 24. Re7 Qd8 0-1


[Site "https://www.chess.com"]

[Event "Titled Tuesday Blitz February 28 Late 2023"]
[White "Balla, Tamas-Kristof"]
[Black "Estrada Nieto, Julian"]
[WhiteFideId "1208497"]
[BlackFideId "5101018"]
[WhiteElo "2334"]
[BlackElo "2176"]
[Result "0-1"]
[Round "11"]
[TimeControl "180+2"]
[Date "2023.02.28"]
[WhiteClock "0:00:49"]
[BlackClock "0:00:47"]

1. e4 e5 2. Nf3 Nc6 3. d4 exd4 4. Nxd4 Nf6 5. Nxc6 bxc6 6. e5 Qe7 7. Qe2 Nd5 8. h4 Qe6 9. c4 Nb6 10. b3 Bb4+ 11. Nd2 a5 12. Bb2 a4 13. g3 a3 14. Bd4 c5 15. Bh3 Qc6 16. O-O Bb7 17. Kh2 cxd4 18. f4 O-O 19. f5 Rae8 20. f6 gxf6 21. Qg4+ Kh8 22. Rxf6 Re6 23. Raf1 Bxd2 24. R1f2 Qh1# 0-1


[Site "https://www.chess.com"]

[Event "Titled Tuesday Blitz February 28 Late 2023"]
[White "Lucassen, Mickey"]
[Black "Golubev, Mikhail"]
[WhiteFideId "12919110"]
[BlackFideId "14100983"]
[WhiteElo "2358"]
[BlackElo "2374"]
[Result "1-0"]
[Round "11"]
[TimeControl "180+2"]
[Date "2023.02.28"]
[WhiteClock "0:00:14"]
[BlackClock "0:00:01"]

1. e4 c5 2. Nf3 d6 3. d4 cxd4 4. Nxd4 Nf6 5. Nc3 g6 6. Be3 Bg7 7. Qd2 a6 8. f3 h5 9. O-O-O b5 10. Kb1 Nbd7 11. Nd5 Bb7 12. Nxf6+ Bxf6 13. Bg5 Rc8 14. Bxf6 Nxf6 15. Nb3 Qc7 16. c3 Qb6 17. Nd4 O-O 18. h4 Rc5 19. Nb3 Re5 20. Qd4 Qc7 21. Bd3 a5 22. f4 Rxe4 23. Bxe4 Bxe4+ 24. Ka1 Bxg2 25. Rhg1 Bf3 26. Rde1 Bg4 27. Nd2 Rb8 28. Ne4 Nxe4 29. Qxe4 e6 30. Qd4 b4 31. c4 b3 32. a3 Qc6 33. Re3 a4 34. Rd3 Rc8 35. Rc1 Rd8 36. Qf6 Rd7 37. Qc3 Bf5 38. Rd4 Rc7 39. Qb4 d5 40. c5 Qa6 41. Qb8+ Rc8 42. Qe5 Qb5 43. Rb4 Qd3 44. c6 Qd2 45. Qc3 Qe2 46. c7 Kh7 47. Rb8 Qa6 48. Rxc8 Qxc8 49. Qe5 d4 50. Qxd4 Bc2 51. Qd8 1-0


[Site "https://www.chess.com"]

[Event "Titled Tuesday Blitz February 28 Late 2023"]
[White "Dudzinski, Pawel"]
[Black "Fajdetic, Hrvoje"]
[WhiteFideId "1117890"]
[BlackFideId "14501945"]
[WhiteElo "2099"]
[BlackElo "2185"]
[Result "1-0"]
[Round "11"]
[TimeControl "180+2"]
[Date "2023.02.28"]
[WhiteClock "0:00:12"]
[BlackClock "0:00:03"]

1. e4 c5 2. Nc3 Nc6 3. g3 e5 4. Bg2 d6 5. d3 g6 6. Nd5 Bg7 7. f4 Nge7 8. fxe5 Nxe5 9. Bg5 N5c6 10. Nxe7 Nxe7 11. c3 h6 12. Be3 O-O 13. Qd2 Kh7 14. Nf3 f5 15. O-O Nc6 16. Nh4 Ne5 17. exf5 Bxf5 18. Nxf5 Rxf5 19. Rxf5 gxf5 20. Rf1 Qd7 21. Bf4 Re8 22. h3 Qb5 23. Bxe5 Rxe5 24. Rxf5 Rxf5 25. Be4 d5 26. Bxf5+ Kh8 27. Qf4 Qe8 28. Kf2 Qe5 29. Kf3 b5 30. b3 Qxf4+ 31. Kxf4 Bxc3 32. Bd7 b4 33. Be6 d4 34. Ke5 Be1 35. Kd6 Bxg3+ 36. Kxc5 Kg7 37. Kxb4 Kf6 38. Bg4 Ke5 39. Kb5 Kf4 40. Ka6 Ke3 41. Bf5 Kd2 42. Kxa7 Kc3 43. Kb6 Kb4 44. a4 Bh4 45. Kc7 Bg3+ 46. Kc6 Bh4 47. Be6 Bd8 48. Kd5 Bf6 49. Kc6 Bd8 50. Kd7 Bg5 51. Kc7 Bf4+ 52. Kb6 Bg5 53. Bf7 Bf4 54. a5 Bg5 55. a6 Bd8+ 56. Kb7 Be7 57. a7 Bc5 58. a8=Q Kc3 59. Bc4 Bb4 60. Qg8 h5 61. Kc6 Ba3 62. Kd5 Kb2 63. Ke4 Kc3 64. Qg6 Bc1 65. Qxh5 Bf4 66. Qg4 Be3 67. h4 1-0


[Site "https://www.chess.com"]

[Event "Titled Tuesday Blitz February 28 Late 2023"]
[White "Buchenau, Frank"]
[Black "Melikhov, Evgeny V."]
[WhiteFideId "4604350"]
[BlackFideId "4122046"]
[WhiteElo "2157"]
[BlackElo "2158"]
[Result "1-0"]
[Round "11"]
[TimeControl "180+2"]
[Date "2023.02.28"]
[WhiteClock "0:01:02"]
[BlackClock "0:00:12"]

1. e4 e5 2. Nf3 Nc6 3. Bc4 Nf6 4. d3 Be7 5. O-O d6 6. a4 a5 7. c3 O-O 8. Na3 d5 9. exd5 Nxd5 10. Re1 Nb6 11. Bb5 f6 12. d4 exd4 13. Bxc6 bxc6 14. Nxd4 Bd6 15. Nxc6 Qd7 16. Ne7+ Bxe7 17. Qxd7 Bxd7 18. Rxe7 Rae8 19. Rxe8 Rxe8 20. Bf4 Nd5 21. Bd2 Re2 22. Nc4 Nb6 23. Kf1 Re6 24. Nxa5 Nxa4 25. b3 Nb2 26. c4 Nd3 27. Be3 f5 28. Rd1 f4 29. Rxd3 fxe3 30. Rxd7 e2+ 31. Ke1 1-0


[Site "https://www.chess.com"]

[Event "Titled Tuesday Blitz February 28 Late 2023"]
[White "Escalante Ramirez, Rafael"]
[Black "Mikhalsky, Vladimir"]
[WhiteFideId "3900177"]
[BlackFideId "14144352"]
[WhiteElo "2291"]
[BlackElo "2272"]
[Result "0-1"]
[Round "11"]
[TimeControl "180+2"]
[Date "2023.02.28"]
[WhiteClock "0:00:02"]
[BlackClock "0:00:45"]

1. Nf3 c5 2. e3 g6 3. d4 Bg7 4. dxc5 Qa5+ 5. Nbd2 Qxc5 6. a3 Nf6 7. b4 Qc7 8. Bb2 O-O 9. c4 d5 10. Rc1 Qd8 11. cxd5 Nxd5 12. Bxg7 Kxg7 13. Qb3 Nc6 14. Be2 Be6 15. Qb2+ f6 16. O-O Bg8 17. Rfd1 e5 18. Nc4 Qe7 19. b5 Nd8 20. Na5 b6 21. Nc6 Nxc6 22. Rxc6 Rac8 23. Rdc1 Be6 24. h3 Bd7 25. Rxc8 Rxc8 26. Rxc8 Bxc8 27. Bc4 Qc5 28. Ba2 Nc3 29. Nd2 Nxa2 30. Qxa2 Qxb5 31. Ne4 Qc6 32. f3 Be6 33. Qd2 Bd5 34. Nc3 Bf7 35. e4 Qc5+ 36. Kh1 Qd4 37. Qb2 Bc4 38. Kh2 a5 39. Qc2 b5 40. Nd1 b4 0-1


[Site "https://www.chess.com"]